[Event "22nd ETCC Women 2019"]
[Site "Batumi"]
[Date "2019.10.27"]
[Round "4.8"]
[White "Muetsch, Annmarie"]
[Black "Longson, Sarah N"]
[Result "1-0"]
[ECO "C45"]
[WhiteElo "2266"]
[BlackElo "2073"]
[Annotator "NA"]
[PlyCount "83"]
[EventDate "2019.10.24"]
[EventType "team-tourn"]
[EventCountry "GEO"]
[SourceTitle "playchess.com"]
[Source "ChessBase"]
[SourceQuality "1"]
[WhiteTeam "Germany"]
[BlackTeam "England"]
[WhiteTeamCountry "GER"]
[BlackTeamCountry "ENG"]
[TimeControl "40/5400+30:1800+30"]

1. e4 e5 2. Nf3 Nc6 3. d4 exd4 4. Nxd4 Nf6 5. Nxc6 bxc6 6. e5 Qe7 7. Qe2 Nd5 8. c4 Nb6 9. Nc3 Ba6 10. Qe4 Qe6 11. b3 Bb4 12. Bb2 d5 13. cxd5 Bxc3+ 14. Bxc3 cxd5 15. Qd4 Bxf1 16. Rxf1 O-O 17. f4 f6 18. Kf2 c5 19. Qxc5 fxe5 20. Kg1 Nd7 21. Qe3 e4 22. Rac1 Nf6 23. Bb2 Rf7 24. Rc5 Rd8 25. Bd4 Ng4 26. Qe2 Nh6 27. b4 Nf5 28. Be5 Qb6 29. Rd1 Rfd7 30. Rb1 a5 31. a3 axb4 32. axb4 Rc8 33. Rbc1 Rxc5 34. bxc5 Qc6 35. Qb2 Rb7 36. Qa3 Kf7 37. Qh3 Nh6 38. Qh5+ Kg8 39. Qg5 Rd7 40. Bd4 Rf7 41. Rb1 Qa8 42. Qe5 1-0

[Event "22nd ETCC Women 2019"]
[Site "Batumi"]
[Date "2019.10.27"]
[Round "4.8"]
[White "Movileanu, Daniela"]
[Black "Terbe, Julianna"]
[Result "1-0"]
[ECO "C77"]
[WhiteElo "2173"]
[BlackElo "2280"]
[Annotator "NA"]
[PlyCount "83"]
[EventDate "2019.10.24"]
[EventType "team-tourn"]
[EventCountry "GEO"]
[SourceTitle "playchess.com"]
[Source "ChessBase"]
[SourceQuality "1"]
[WhiteTeam "Italy"]
[BlackTeam "Hungary"]
[WhiteTeamCountry "ITA"]
[BlackTeamCountry "HUN"]
[TimeControl "40/5400+30:1800+30"]

1. e4 e5 2. Nf3 Nc6 3. Bb5 a6 4. Ba4 Nf6 5. Bxc6 dxc6 6. d3 Nd7 7. Nbd2 Be7 8. Nc4 f6 9. O-O O-O 10. Ne3 Nc5 11. h3 Be6 12. Nh2 Qe8 13. Nf5 Rd8 14. Qg4 g6 15. Qg3 Kh8 16. Nxe7 Qxe7 17. f4 Nd7 18. Nf3 Qc5+ 19. Rf2 Rde8 20. Kh1 Bg8 21. fxe5 fxe5 22. Bh6 Rf6 23. Raf1 a5 24. Nh4 Rxf2 25. Rxf2 Re7 26. Be3 Qb4 27. c3 Qd6 28. d4 Bxa2 29. dxe5 Qe6 30. Nf3 c5 31. Bf4 Qc6 32. Ng5 h6 33. Qh4 Kg7 34. Nf3 g5 35. Bxg5 Re6 36. Be3 Nxe5 37. Nxe5 Rxe5 38. Qg3+ Rg5 39. Bxg5 hxg5 40. Qxg5+ Qg6 41. Qe5+ Kg8 42. Rf4 1-0

[Event "22nd ETCC Women 2019"]
[Site "Batumi"]
[Date "2019.10.27"]
[Round "4.9"]
[White "Mkrtchian, Lilit"]
[Black "Vega Gutierrez, Sabrina"]
[Result "1/2-1/2"]
[ECO "D47"]
[WhiteElo "2402"]
[BlackElo "2395"]
[Annotator "NA"]
[PlyCount "175"]
[EventDate "2019.10.24"]
[EventType "team-tourn"]
[EventCountry "GEO"]
[SourceTitle "playchess.com"]
[Source "ChessBase"]
[SourceQuality "1"]
[WhiteTeam "Armenia"]
[BlackTeam "Spain"]
[WhiteTeamCountry "ARM"]
[BlackTeamCountry "ESP"]
[TimeControl "40/5400+30:1800+30"]

1. d4 d5 2. c4 e6 3. Nc3 c6 4. e3 Nf6 5. Nf3 Nbd7 6. Bd3 dxc4 7. Bxc4 b5 8. Bd3 Bb7 9. Qc2 a6 10. a4 b4 11. Ne4 c5 12. Nxf6+ Nxf6 13. dxc5 Rc8 14. Qe2 Qa5 15. O-O Bxc5 16. e4 Be7 17. Bg5 h6 18. Bh4 Nd7 19. Bxe7 Kxe7 20. Nd2 Nc5 21. Bc2 Rhd8 22. Rfd1 Kf8 23. Qe3 Qc7 24. a5 Qe7 25. f3 e5 26. Nb3 Ne6 27. Rxd8+ Qxd8 28. Rd1 Qg5 29. Qxg5 hxg5 30. Bd3 Ke7 31. Kf2 Nf4 32. Bf1 g4 33. fxg4 Bxe4 34. g3 Ne6 35. Ke3 Bb7 36. Rc1 Rxc1 37. Nxc1 Nc5 38. Bc4 f6 39. Na2 b3 40. Nc1 Bc8 41. Nxb3 Na4 42. Be2 Kd6 43. Kd2 Kd5 44. Kc2 Ke4 45. Nc1 Nc5 46. Kd2 Kd4 47. Ke1 Na4 48. b3 Nc3 49. Bc4 e4 50. h3 Kc5 51. Ne2 Nb1 52. Nf4 Na3 53. Be2 Nc2+ 54. Kd2 Nd4 55. Kc3 Nxe2+ 56. Nxe2 Bd7 57. b4+ Kd5 58. Nf4+ Ke5 59. Ng2 Bb5 60. Ne3 g6 61. h4 f5 62. gxf5 gxf5 63. h5 Kf6 64. Nd5+ Kg5 65. Nf4 e3 66. Nd5 Kxh5 67. Nxe3 Kg5 68. Kd4 Be2 69. Kc5 Bd3 70. Kd4 Be2 71. Ke5 Bd3 72. Nd1 Bf1 73. Kd4 Be2 74. Nf2 Bb5 75. Ke3 Bc6 76. Nd3 Bb5 77. Ne5 Be8 78. Kf3 Bh5+ 79. Ke3 Be8 80. Kf2 f4 81. Nd3 fxg3+ 82. Kxg3 Bb5 83. Nf4 Kf5 84. Kf3 Ke5 85. Ke3 Bf1 86. Nd3+ Kd5 87. Nc5 Bb5 88. Kd2 1/2-1/2

[Event "22nd ETCC Women 2019"]
[Site "Batumi"]
[Date "2019.10.27"]
[Round "4.9"]
[White "Golubenko, Valentina"]
[Black "Reizniece-Ozola, Dana"]
[Result "0-1"]
[ECO "E63"]
[WhiteElo "2274"]
[BlackElo "2297"]
[Annotator "NA"]
[PlyCount "140"]
[EventDate "2019.10.24"]
[EventType "team-tourn"]
[EventCountry "GEO"]
[SourceTitle "playchess.com"]
[Source "ChessBase"]
[SourceQuality "1"]
[WhiteTeam "Croatia"]
[BlackTeam "Latvia"]
[WhiteTeamCountry "CRO"]
[BlackTeamCountry "LAT"]
[TimeControl "40/5400+30:1800+30"]

1. Nf3 Nf6 2. g3 g6 3. Bg2 Bg7 4. d4 O-O 5. c4 d6 6. Nc3 Nc6 7. O-O a6 8. d5 Na5 9. b3 c5 10. dxc6 Nxc6 11. Bb2 Qa5 12. Na4 Rb8 13. Bc3 Qc7 14. Rc1 b5 15. cxb5 axb5 16. Nb2 Qd7 17. Nd3 b4 18. Ba1 Nd5 19. Bxg7 Kxg7 20. Qd2 e6 21. Rc4 Ba6 22. Rh4 f6 23. e4 Nb6 24. Rd1 Bxd3 25. Qh6+ Kg8 26. Rxd3 Rf7 27. e5 Nxe5 28. Nxe5 fxe5 29. Rxb4 d5 30. Qe3 Qd6 31. Rb5 Nd7 32. Rxb8+ Nxb8 33. a4 Na6 34. Rd1 Nc5 35. h4 d4 36. Qh6 Nxb3 37. Rb1 d3 38. Rxb3 d2 39. Rb8+ Qxb8 40. Qxd2 Qb1+ 41. Kh2 Qb6 42. Kg1 Ra7 43. Qc2 Kg7 44. Bf1 Qd4 45. Bb5 e4 46. Qe2 Rc7 47. Kg2 Rc1 48. h5 Qd1 49. Qxd1 Rxd1 50. hxg6 Kxg6 51. a5 Ra1 52. a6 Kf5 53. Bc4 Ke5 54. Kh3 Ra4 55. Bb5 Ra2 56. Kg2 e3 57. Kf3 exf2 58. Be2 Kd4 59. Kxf2 e5 60. Kf3 e4+ 61. Kf2 h6 62. g4 Ra3 63. Bb5 Ke5 64. Be2 Kf4 65. Kf1 Kg3 66. Ke1 e3 67. Kd1 Kf2 68. Bc4 Ra4 69. Bb5 Ra1+ 70. Kc2 e2 0-1

[Event "22nd ETCC Women 2019"]
[Site "Batumi"]
[Date "2019.10.27"]
[Round "4.10"]
[White "Garcia Martin, Marta"]
[Black "Ghukasyan, Siranush"]
[Result "1/2-1/2"]
[ECO "C50"]
[WhiteElo "2305"]
[BlackElo "2261"]
[Annotator "NA"]
[PlyCount "143"]
[EventDate "2019.10.24"]
[EventType "team-tourn"]
[EventCountry "GEO"]
[SourceTitle "playchess.com"]
[Source "ChessBase"]
[SourceQuality "1"]
[WhiteTeam "Spain"]
[BlackTeam "Armenia"]
[WhiteTeamCountry "ESP"]
[BlackTeamCountry "ARM"]
[TimeControl "40/5400+30:1800+30"]

1. e4 e5 2. Nf3 Nc6 3. Bc4 Bc5 4. O-O Nf6 5. d3 d6 6. c3 O-O 7. h3 a6 8. a4 Re8 9. Ng5 Rf8 10. Nd2 h6 11. Ngf3 Be6 12. Bxe6 fxe6 13. b4 Bb6 14. Nc4 Ba7 15. Ra2 b5 16. Na3 Rb8 17. Re1 Nh5 18. axb5 axb5 19. d4 exd4 20. Nxd4 Bxd4 21. cxd4 Qh4 22. Be3 Nxb4 23. Rb2 c5 24. dxc5 dxc5 25. Bxc5 Rfd8 26. Rd2 Na6 27. Ba7 Qg5 28. Be3 Rxd2 29. Qxd2 Qe7 30. Qa5 Qb7 31. Rb1 Nc7 32. Rc1 Na6 33. Rb1 Nc7 34. Qb4 Ra8 35. f3 Nf6 36. Qb3 Qa6 37. Nc2 Qa2 38. Nd4 Qxb3 39. Rxb3 Ra5 40. Bd2 Ra1+ 41. Kh2 Rd1 42. Be3 e5 43. Nxb5 Ne6 44. Rc3 Nh5 45. Na7 Nhf4 46. Nc6 Rd3 47. Rxd3 Nxd3 48. Kg1 Kf7 49. Kf1 g5 50. g3 Kf6 51. Ba7 h5 52. Bb8 h4 53. Ke2 Nec5 54. gxh4 gxh4 55. Ke3 Ke6 56. Bc7 Na6 57. Bd8 Nf4 58. Bg5 Nxh3 59. Bxh4 Nf4 60. Bd8 Ng6 61. Bb6 Kd7 62. Na5 Nc7 63. Nc4 Ne6 64. Ba5 Ng5 65. Bc3 Nf7 66. Kf2 Nf4 67. Kg3 Ne2+ 68. Kg4 Nxc3 69. Kf5 Nd6+ 70. Kxe5 Nxc4+ 71. Kd4 Nxe4 72. Kxe4 1/2-1/2

[Event "22nd ETCC Women 2019"]
[Site "Batumi"]
[Date "2019.10.27"]
[Round "4.10"]
[White "Rogule, Laura"]
[Black "Franciskovic, Borka"]
[Result "1-0"]
[ECO "A34"]
[WhiteElo "2269"]
[BlackElo "2262"]
[Annotator "NA"]
[PlyCount "113"]
[EventDate "2019.10.24"]
[EventType "team-tourn"]
[EventCountry "GEO"]
[SourceTitle "playchess.com"]
[Source "ChessBase"]
[SourceQuality "1"]
[WhiteTeam "Latvia"]
[BlackTeam "Croatia"]
[WhiteTeamCountry "LAT"]
[BlackTeamCountry "CRO"]
[TimeControl "40/5400+30:1800+30"]

1. c4 c5 2. Nc3 Nf6 3. g3 e6 4. Nf3 Nc6 5. Bg2 Be7 6. O-O a6 7. d4 cxd4 8. Nxd4 Qc7 9. b3 O-O 10. Bb2 d6 11. Rc1 Ne5 12. h3 Bd7 13. f4 Ng6 14. e4 Rac8 15. Kh2 Qb8 16. a4 Rfd8 17. Rc2 Bf8 18. Rd2 Be7 19. Qe2 Qc7 20. Rfd1 Bf8 21. Nf3 Bc6 22. Qe3 b6 23. Nd4 Ba8 24. Kh1 Re8 25. Nc2 Bb7 26. Kh2 Rcd8 27. Ba3 Ba8 28. Bb4 Qb8 29. Qe2 Qc7 30. Qe3 Qb8 31. Rd3 Bc6 32. Qd2 Qa8 33. Qe2 Qb8 34. Ba3 h5 35. Nd4 Bb7 36. Nf3 Qc7 37. Bc1 Nd7 38. Ng5 Be7 39. Qxh5 Bxg5 40. Qxg5 Nc5 41. Ba3 Nxd3 42. Rxd3 Nf8 43. Qg4 Rd7 44. Bb2 f6 45. Ba3 Red8 46. h4 Rf7 47. Qd1 Rfd7 48. f5 exf5 49. exf5 Bxg2 50. Kxg2 Qb7+ 51. Kh3 Re7 52. Nd5 Re5 53. Qg4 Kf7 54. Bb2 Re1 55. Bxf6 gxf6 56. Qh5+ Kg7 57. Rd4 1-0

[Event "22nd ETCC Women 2019"]
[Site "Batumi"]
[Date "2019.10.27"]
[Round "4.11"]
[White "Danielian, Elina"]
[Black "Matnadze, Ana"]
[Result "0-1"]
[ECO "A45"]
[WhiteElo "2385"]
[BlackElo "2383"]
[Annotator "NA"]
[PlyCount "76"]
[EventDate "2019.10.24"]
[EventType "team-tourn"]
[EventCountry "GEO"]
[SourceTitle "playchess.com"]
[Source "ChessBase"]
[SourceQuality "1"]
[WhiteTeam "Armenia"]
[BlackTeam "Spain"]
[WhiteTeamCountry "ARM"]
[BlackTeamCountry "ESP"]
[TimeControl "40/5400+30:1800+30"]

1. d4 Nf6 2. Nc3 d5 3. Bf4 c6 4. e3 Bf5 5. f3 h5 6. Bd3 e6 7. Nge2 h4 8. e4 dxe4 9. fxe4 Bg4 10. h3 Bxe2 11. Bxe2 Bb4 12. Bf3 Qa5 13. O-O Nbd7 14. e5 Bxc3 15. exf6 g5 16. Bh2 Bxb2 17. Rb1 Qc3 18. Kh1 Nb6 19. Qe2 Rd8 20. Qe5 Ba3 21. Qxg5 Bd6 22. Bxd6 Rxd6 23. a4 Qc4 24. a5 Nd5 25. Qe5 Kd7 26. Bxd5 cxd5 27. Rxb7+ Kc6 28. Rfb1 Qa6 29. c4 Rc8 30. c5 Rd7 31. R1b6+ axb6 32. Rxd7 Qf1+ 33. Kh2 Kb5 34. Rb7 Kc4 35. Rxb6 Qf2 36. Rb8 Qg3+ 37. Qxg3 hxg3+ 38. Kxg3 Rxb8 0-1

[Event "22nd ETCC Women 2019"]
[Site "Batumi"]
[Date "2019.10.27"]
[Round "4.11"]
[White "Medic, Mirjana"]
[Black "Berzina, Ilze"]
[Result "1/2-1/2"]
[ECO "D12"]
[WhiteElo "2163"]
[BlackElo "2216"]
[Annotator "NA"]
[PlyCount "124"]
[EventDate "2019.10.24"]
[EventType "team-tourn"]
[EventCountry "GEO"]
[SourceTitle "playchess.com"]
[Source "ChessBase"]
[SourceQuality "1"]
[WhiteTeam "Croatia"]
[BlackTeam "Latvia"]
[WhiteTeamCountry "CRO"]
[BlackTeamCountry "LAT"]
[TimeControl "40/5400+30:1800+30"]

1. d4 d5 2. c4 c6 3. Nf3 Nf6 4. e3 Bf5 5. Nc3 e6 6. Nh4 Be4 7. f3 Bg6 8. Qb3 Qc7 9. Bd2 Be7 10. g3 Bh5 11. cxd5 Nxd5 12. Be2 Bxh4 13. gxh4 Ne7 14. O-O-O Nf5 15. Ne4 Nxh4 16. Qxb7 Qxb7 17. Nd6+ Kd7 18. Nxb7 Kc8 19. Nc5 Bxf3 20. Bxf3 Nxf3 21. Ba5 Nh4 22. Rhf1 Nf5 23. e4 Nd6 24. Rd3 Nd7 25. Bb4 Rb8 26. Ba3 Nxc5 27. dxc5 Nc4 28. Rg3 Nxa3 29. Rxa3 Rb7 30. Raf3 f6 31. Kc2 Rd8 32. Kc3 e5 33. Rg1 Rd4 34. Re3 a5 35. b3 a4 36. h3 h6 37. Kc2 axb3+ 38. axb3 Ra7 39. Reg3 Rdd7 40. Kc3 Kd8 41. Rd3 Rxd3+ 42. Kxd3 Rd7+ 43. Kc3 g5 44. h4 Rd4 45. hxg5 hxg5 46. Re1 Kd7 47. b4 Ke6 48. Re2 g4 49. Re1 g3 50. Rg1 Rxe4 51. Rxg3 Kd5 52. Rf3 Rf4 53. Rd3+ Rd4 54. Rf3 Ke6 55. Rh3 Rd8 56. Kc4 Rd4+ 57. Kc3 Rg4 58. Rd3 e4 59. Rd6+ Ke5 60. Rxc6 e3 61. Kd3 Rxb4 62. Kxe3 Kd5 {[%emt 0:02:37] Ke4+} 1/2-1/2

[Event "22nd ETCC Women 2019"]
[Site "Batumi"]
[Date "2019.10.27"]
[Round "4.12"]
[White "Kolotilina, Liudmila"]
[Black "Sargsyan, Anna M."]
[Result "0-1"]
[ECO "D17"]
[WhiteElo "2242"]
[BlackElo "2242"]
[Annotator "NA"]
[PlyCount "76"]
[EventDate "2019.10.24"]
[EventType "team-tourn"]
[EventCountry "GEO"]
[SourceTitle "playchess.com"]
[Source "ChessBase"]
[SourceQuality "1"]
[WhiteTeam "Spain"]
[BlackTeam "Armenia"]
[WhiteTeamCountry "ESP"]
[BlackTeamCountry "ARM"]
[TimeControl "40/5400+30:1800+30"]

1. d4 d5 2. c4 c6 3. Nc3 Nf6 4. Nf3 dxc4 5. a4 Bf5 6. Ne5 Nbd7 7. Nxc4 Qc7 8. g3 e5 9. dxe5 Nxe5 10. Bf4 Nfd7 11. Bg2 g5 12. Bxe5 Nxe5 13. Qd4 f6 14. a5 Be7 15. Nxe5 fxe5 16. Qc4 Rc8 17. O-O Qd7 18. Qb3 Be6 19. Qc2 O-O 20. Rad1 Qc7 21. Be4 Bb4 22. Na4 Qe7 23. a6 bxa6 24. Bxc6 Kh8 25. Qe4 Bf5 26. Qg2 e4 27. Bd5 e3 28. f4 Bc2 29. Ra1 gxf4 30. Nc3 fxg3 31. Rxf8+ Rxf8 32. Qxg3 Bd6 33. Qg2 Bg6 34. Rf1 Rb8 35. b3 Qe5 36. Nd1 Rd8 37. Bf3 Rg8 38. Kh1 Bf5 0-1

[Event "22nd ETCC Women 2019"]
[Site "Batumi"]
[Date "2019.10.27"]
[Round "4.12"]
[White "Limanovska, Elizabete"]
[Black "Cvitan, Ena"]
[Result "1/2-1/2"]
[ECO "B10"]
[WhiteElo "2186"]
[BlackElo "2182"]
[Annotator "NA"]
[PlyCount "82"]
[EventDate "2019.10.24"]
[EventType "team-tourn"]
[EventCountry "GEO"]
[SourceTitle "playchess.com"]
[Source "ChessBase"]
[SourceQuality "1"]
[WhiteTeam "Latvia"]
[BlackTeam "Croatia"]
[WhiteTeamCountry "LAT"]
[BlackTeamCountry "CRO"]
[TimeControl "40/5400+30:1800+30"]

1. e4 c6 2. Nf3 d5 3. exd5 cxd5 4. Ne5 Nc6 5. d4 Qb6 6. Nc3 e6 7. Bb5 Bb4 8. O-O Nge7 9. a4 O-O 10. Ne2 f6 11. Nxc6 bxc6 12. Bd3 e5 13. c3 Bd6 14. b4 e4 15. Bc2 Qc7 16. h3 Be6 17. Ba3 Qd7 18. b5 Bb8 19. bxc6 Qc7 20. Ng3 Nf5 21. Qe1 Re8 22. f4 Nxg3 23. Qxg3 Qxc6 24. a5 Bd6 25. Ba4 Qxa4 26. Bxd6 Qc6 27. f5 Bd7 28. Rae1 Qc8 29. Bc5 Bxf5 30. Re3 Bg6 31. Qf4 Qa6 32. Bb4 Rac8 33. h4 Kh8 34. g4 h6 35. Rf2 Qc6 36. g5 fxg5 37. hxg5 h5 38. Rh3 Kg8 39. Qe3 Qd7 40. Rh4 Qd8 41. Kh1 Qd7 1/2-1/2

[Event "22nd ETCC Women 2019"]
[Site "Batumi"]
[Date "2019.10.27"]
[Round "4.13"]
[White "Atalik, Ekaterina"]
[Black "Ushenina, Anna"]
[Result "1/2-1/2"]
[ECO "A06"]
[WhiteElo "2464"]
[BlackElo "2431"]
[Annotator "ChessBase"]
[PlyCount "67"]
[EventDate "2019.10.24"]
[EventType "team-tourn"]
[EventCountry "GEO"]
[SourceTitle "playchess.com"]
[Source "ChessBase"]
[SourceQuality "1"]
[WhiteTeam "Turkey"]
[BlackTeam "Ukraine"]
[WhiteTeamCountry "TUR"]
[BlackTeamCountry "UKR"]
[TimeControl "40/5400+30:1800+30"]

1. Nf3 d5 2. c4 e6 3. e3 Nf6 4. Nc3 a6 5. b3 c5 6. Bb2 Nc6 7. cxd5 exd5 8. d4 Bg4 9. Be2 Bxf3 10. Bxf3 cxd4 11. exd4 Bb4 12. O-O Bxc3 13. Bxc3 O-O 14. Qd3 Qd7 15. Rfe1 Rfe8 16. Kf1 Ng4 17. Kg1 Nf6 18. h3 h6 19. Bd2 Rxe1+ 20. Rxe1 Re8 21. Be3 Ne4 22. Rc1 Qd6 23. Bg4 Nf6 24. Qd1 Nxg4 25. Qxg4 Qe6 26. Qf3 Rc8 27. Rc5 Rd8 28. g4 b6 29. Rc1 Rc8 30. Qe2 Nb8 31. Rxc8+ Qxc8 32. Qf3 Qd7 33. Kg2 Nc6 34. Qe2 1/2-1/2

[Event "22nd ETCC Women 2019"]
[Site "Batumi"]
[Date "2019.10.27"]
[Round "4.13"]
[White "Nazarova, Anastasia"]
[Black "Koridze, Lile"]
[Result "0-1"]
[ECO "B38"]
[WhiteElo "2147"]
[BlackElo "1988"]
[Annotator "NA"]
[PlyCount "134"]
[EventDate "2019.10.24"]
[EventType "team-tourn"]
[EventCountry "GEO"]
[SourceTitle "playchess.com"]
[Source "ChessBase"]
[SourceQuality "1"]
[WhiteTeam "Finland"]
[BlackTeam "Georgia"]
[WhiteTeamCountry "FIN"]
[BlackTeamCountry "GEO"]
[TimeControl "40/5400+30:1800+30"]

1. e4 c5 2. Nf3 Nc6 3. d4 cxd4 4. Nxd4 g6 5. c4 Bg7 6. Be3 d6 7. Nc3 Nf6 8. Be2 O-O 9. Qd2 Bd7 10. f3 a6 11. Rc1 Rc8 12. O-O Nxd4 13. Bxd4 Be6 14. b3 Nd7 15. Bxg7 Kxg7 16. f4 Qb6+ 17. Kh1 f6 18. Bf3 Qb4 19. Qe2 Bf7 20. Bg4 Rc7 21. Bxd7 Rxd7 22. e5 dxe5 23. fxe5 Qb6 24. Ne4 Bg8 25. Rce1 Be6 26. Qf3 f5 27. Ng5 Rc8 28. Qe2 h6 29. Nf3 Rcd8 30. Rc1 Qc6 31. Rfe1 Rd3 32. Qf2 R8d7 33. Qh4 Rxf3 34. gxf3 Qxf3+ 35. Kg1 f4 36. Qf2 Qg4+ 37. Qg2 Qf5 38. Rcd1 Rc7 39. Rd4 Bd7 40. h3 f3 41. Qf2 Qxh3 42. Rf4 Bg4 43. Rd1 g5 44. Rfd4 Be6 45. Qh2 Qf5 46. Rf1 Rc5 47. Qg3 Qxe5 48. Qxe5+ Rxe5 49. Rxf3 g4 50. Rff4 Bf5 51. Kf2 h5 52. Rd5 Kf6 53. Rfd4 h4 54. Rd8 Ra5 55. a4 Be6 56. Rh8 Rf5+ 57. Kg1 Kg5 58. Re4 Rf6 59. Re8 Kf5 60. Re2 g3 61. Rxe7 Rh6 62. Re3 Rg6 63. Re1 h3 64. Rf1+ Kg4 65. Rd1 Kf3 66. Re8 h2+ 67. Kh1 g2+ 0-1

[Event "22nd ETCC Women 2019"]
[Site "Batumi"]
[Date "2019.10.27"]
[Round "4.14"]
[White "Gaponenko, Inna"]
[Black "Yildiz Kadioglu, Betul Cemre"]
[Result "1/2-1/2"]
[ECO "C43"]
[WhiteElo "2427"]
[BlackElo "2338"]
[Annotator "NA"]
[PlyCount "114"]
[EventDate "2019.10.24"]
[EventType "team-tourn"]
[EventCountry "GEO"]
[SourceTitle "playchess.com"]
[Source "ChessBase"]
[SourceQuality "1"]
[WhiteTeam "Ukraine"]
[BlackTeam "Turkey"]
[WhiteTeamCountry "UKR"]
[BlackTeamCountry "TUR"]
[TimeControl "40/5400+30:1800+30"]

1. e4 e5 2. Nf3 Nf6 3. d4 Nxe4 4. Bd3 d5 5. Nxe5 Nd7 6. Nc3 Nxc3 7. bxc3 Nxe5 8. dxe5 Bc5 9. O-O c6 10. Qh5 Be6 11. Rb1 Qd7 12. Bg5 b6 13. Rfe1 Bg4 14. Qh4 Qe6 15. Be3 Bxe3 16. Rxe3 Bf5 17. Qg5 Bg6 18. f4 h6 19. Qg3 O-O-O 20. Qh3 Qxh3 21. Rxh3 Bxd3 22. cxd3 d4 23. c4 Rde8 24. Re1 Re7 25. Rg3 f6 26. e6 f5 27. Re5 Rf8 28. Rg6 Kc7 29. h4 Kd6 30. Kf2 a6 31. a4 Kc7 32. h5 Kd6 33. Kf3 Rf6 34. Rxf6 gxf6 35. Rxf5 Rxe6 36. Kg4 Ke7 37. a5 bxa5 38. Rxa5 Re3 39. Rxa6 Kd6 40. Kf5 Rxd3 41. Kxf6 Rg3 42. Ra2 Kc5 43. f5 d3 44. Ke7 Re3+ 45. Kd7 Re2 46. Ra1 d2 47. f6 Rxg2 48. f7 Rf2 49. Ke7 Kxc4 50. f8=Q Rxf8 51. Kxf8 Kd3 52. Kg7 c5 53. Kxh6 c4 54. Kg6 c3 55. h6 c2 56. h7 d1=Q 57. Rxd1+ cxd1=Q 1/2-1/2

[Event "22nd ETCC Women 2019"]
[Site "Batumi"]
[Date "2019.10.27"]
[Round "4.14"]
[White "Pipia, Ekaterine"]
[Black "Dannenberg, Alia"]
[Result "1-0"]
[ECO "E94"]
[WhiteElo "1935"]
[BlackElo "1902"]
[Annotator "NA"]
[PlyCount "83"]
[EventDate "2019.10.24"]
[EventType "team-tourn"]
[EventCountry "GEO"]
[SourceTitle "playchess.com"]
[Source "ChessBase"]
[SourceQuality "1"]
[WhiteTeam "Georgia"]
[BlackTeam "Finland"]
[WhiteTeamCountry "GEO"]
[BlackTeamCountry "FIN"]
[TimeControl "40/5400+30:1800+30"]

1. d4 Nf6 2. c4 g6 3. Nc3 Bg7 4. e4 d6 5. Nf3 O-O 6. Be2 e5 7. O-O Qe8 8. d5 a5 9. h3 Na6 10. Be3 Nd7 11. Nd2 Ndc5 12. b3 Bd7 13. a3 f5 14. f3 f4 15. Bf2 g5 16. Rb1 b6 17. b4 Nb7 18. Bd3 h5 19. Qe2 Nb8 20. Nb5 Qc8 21. c5 bxc5 22. bxc5 dxc5 23. Rfc1 g4 24. hxg4 hxg4 25. fxg4 Bxg4 26. Nf3 Nd7 27. Qa2 Kh8 28. Kf1 Bf6 29. Ke2 Kg7 30. Rh1 Nd6 31. Qc2 Nxb5 32. Bxb5 Be7 33. Qc3 Bd6 34. Kd3 Bxf3 35. gxf3 Rf6 36. Rbg1+ Rg6 37. Rxg6+ Kxg6 38. Qc1 Nf6 39. Qg1+ Kf7 40. Qg5 Rb8 41. Rh6 Ng8 42. Rh7+ 1-0

[Event "22nd ETCC Women 2019"]
[Site "Batumi"]
[Date "2019.10.27"]
[Round "4.15"]
[White "Ozturk, Kubra"]
[Black "Buksa, Nataliya"]
[Result "1/2-1/2"]
[ECO "D37"]
[WhiteElo "2317"]
[BlackElo "2410"]
[Annotator "NA"]
[PlyCount "61"]
[EventDate "2019.10.24"]
[EventType "team-tourn"]
[EventCountry "GEO"]
[SourceTitle "playchess.com"]
[Source "ChessBase"]
[SourceQuality "1"]
[WhiteTeam "Turkey"]
[BlackTeam "Ukraine"]
[WhiteTeamCountry "TUR"]
[BlackTeamCountry "UKR"]
[TimeControl "40/5400+30:1800+30"]

1. d4 d5 2. c4 e6 3. Nf3 Nf6 4. Nc3 Nbd7 5. Qc2 c5 6. cxd5 Nxd5 7. Nxd5 exd5 8. g3 c4 9. Bg2 Bb4+ 10. Bd2 Bxd2+ 11. Nxd2 Nf6 12. O-O O-O 13. e4 dxe4 14. Nxe4 Qxd4 15. Rad1 Qe5 16. Nxf6+ Qxf6 17. Qxc4 Qxb2 18. Rb1 Be6 19. Bd5 Bxd5 20. Qxd5 Qc3 21. Rxb7 Rad8 22. Qb3 Qxb3 23. axb3 Rb8 24. Rxa7 Rxb3 25. h4 h5 26. Rfa1 g6 27. Ra8 Rxa8 28. Rxa8+ Kg7 29. Ra6 Rf3 30. Kg2 Rf5 31. Rb6 1/2-1/2

[Event "22nd ETCC Women 2019"]
[Site "Batumi"]
[Date "2019.10.27"]
[Round "4.15"]
[White "Norlamo, Sarabella"]
[Black "Esadze, Tamari"]
[Result "1-0"]
[ECO "E18"]
[WhiteElo "2020"]
[BlackElo "1885"]
[Annotator "NA"]
[PlyCount "177"]
[EventDate "2019.10.24"]
[EventType "team-tourn"]
[EventCountry "GEO"]
[SourceTitle "playchess.com"]
[Source "ChessBase"]
[SourceQuality "1"]
[WhiteTeam "Finland"]
[BlackTeam "Georgia"]
[WhiteTeamCountry "FIN"]
[BlackTeamCountry "GEO"]
[TimeControl "40/5400+30:1800+30"]

1. d4 Nf6 2. c4 e6 3. Nf3 b6 4. g3 Bb7 5. Bg2 Be7 6. O-O O-O 7. Nc3 Ne4 8. Nxe4 Bxe4 9. Bf4 d6 10. Rc1 c5 11. d5 e5 12. Bd2 f5 13. Bc3 Nd7 14. Nd2 Bxg2 15. Kxg2 Bg5 16. Rc2 Qe7 17. Qe1 Rae8 18. e4 Bxd2 19. Bxd2 f4 20. f3 h5 21. Kf2 Nf6 22. gxf4 exf4 23. Bc3 Nd7 24. Rg1 Ne5 25. Bxe5 Qxe5 26. Qc3 Kh7 27. h4 g6 28. Rg5 Qxc3 29. Rxc3 Kg7 30. Rc1 Kf6 31. Rcg1 Rg8 32. Ke2 Rb8 33. b3 Rbe8 34. Kd3 Rg7 35. Kc3 Rc8 36. Re1 Re7 37. Reg1 Rg7 38. Kd3 Re8 39. Kc3 Rc8 40. a3 a6 41. Kd3 Re8 42. R1g2 Rc8 43. Rb2 b5 44. cxb5 axb5 45. a4 b4 46. Kc4 Ra7 47. Rbg2 Rg7 48. Rg1 Re8 49. Kb5 Ree7 50. Re1 Rb7+ 51. Kc4 Rge7 52. Kd3 Rb8 53. Kc4 Rbb7 54. e5+ dxe5 55. d6 Re6 56. Kxc5 Rd7 57. Rd1 e4 58. fxe4 Rxe4 59. Kc6 Rd8 60. Kc7 Ree8 61. d7 Rg8 62. Rd4 f3 63. Rxb4 f2 64. Rf4+ Ke6 65. Rxg6+ Rxg6 66. Kxd8 Rg7 67. Rxf2 Rxd7+ 68. Kc8 Rd4 69. a5 Rb4 70. a6 Rxb3 71. Ra2 Rc3+ 72. Kb7 Rb3+ 73. Kc6 Rc3+ 74. Kb5 Rb3+ 75. Kc4 Rb8 76. a7 Ra8 77. Kd4 Kf5 78. Ke3 Kg4 79. Ra4+ Kg3 80. Ke2 Re8+ 81. Kf1 Ra8 82. Ke1 Re8+ 83. Kd2 Ra8 84. Ke3 Re8+ 85. Kd4 Ra8 86. Ke5 Re8+ 87. Kf5 Rf8+ 88. Kg5 Ra8 89. Kxh5 1-0

[Event "22nd ETCC Women 2019"]
[Site "Batumi"]
[Date "2019.10.27"]
[Round "4.16"]
[White "Zhukova, Natalia"]
[Black "Duran, Esma Doga"]
[Result "1-0"]
[ECO "B38"]
[WhiteElo "2333"]
[BlackElo "1878"]
[Annotator "NA"]
[PlyCount "119"]
[EventDate "2019.10.24"]
[EventType "team-tourn"]
[EventCountry "GEO"]
[SourceTitle "playchess.com"]
[Source "ChessBase"]
[SourceQuality "1"]
[WhiteTeam "Ukraine"]
[BlackTeam "Turkey"]
[WhiteTeamCountry "UKR"]
[BlackTeamCountry "TUR"]
[TimeControl "40/5400+30:1800+30"]

1. c4 c5 2. Nf3 Nc6 3. d4 cxd4 4. Nxd4 g6 5. e4 Bg7 6. Be3 Nf6 7. Nc3 d6 8. Be2 O-O 9. O-O Bd7 10. h3 Nxd4 11. Bxd4 Bc6 12. Qc2 Qc7 13. Rad1 Rac8 14. Rfe1 b6 15. Nd5 Bxd5 16. exd5 Nd7 17. Bxg7 Kxg7 18. Bg4 h5 19. Qc3+ Kg8 20. Bxh5 gxh5 21. Qg3+ Kh7 22. Rxe7 Rce8 23. Rde1 Rxe7 24. Rxe7 Qxc4 25. Rxd7 Qxd5 26. Rxd6 Qf5 27. Qe3 Rc8 28. Kh2 f6 29. Qd4 Kg6 30. Rd5 Qe6 31. Qd3+ Kh6 32. Qd2+ Kg6 33. Qd3+ Kh6 34. Qf3 Qf7 35. Qf4+ Kg7 36. Rd3 Rc5 37. Rg3+ Kh7 38. Qe4+ Kh6 39. b3 Re5 40. Qf4+ Kh7 41. Rf3 Re6 42. Qf5+ Kh6 43. g4 Qc7+ 44. Kg2 hxg4 45. hxg4 Qc6 46. Kh2 Qc7+ 47. Rg3 Qe5 48. Kg2 Qxf5 49. gxf5 Rd6 50. Kf3 Kh7 51. Rg6 Rc6 52. Ke4 Rd6 53. a4 a6 54. f4 b5 55. axb5 axb5 56. Rg3 b4 57. Rd3 Rc6 58. Rd4 Rb6 59. Kd5 Rb5+ 60. Ke4 1-0